 Dungeon Crawl Stone Soup version 0.31-a0-640-g39d97e502b (webtiles) character file.

Game seed: 15367087347067202049

49 thirtiethelement the Grave Robber (level 3, 0/25 HPs)
             Began as a Demonspawn Necromancer on Aug 28, 2023.
             Slain by a hound (3 damage)
             ... on level 6 of the Dungeon.
             The game lasted 00:04:18 (2163 turns).

thirtiethelement the Grave Robber (DsNe)            Turns: 2163, Time: 00:04:18

Health: 0/25       AC:  3    Str:  8    XL:     3   Next: 51%
Magic:  7/7        EV: 11    Int: 18    God:
Gold:   100        SH:  0    Dex: 13    Spells: 3/7 levels left

rFire   . . .        j - +1 dagger (flame)
rCold   . . .        (no shield)
rNeg    . . .        h - +0 leather armour
rPois   .            (no helmet)
rElec   .            (no cloak)
rCorr   .            (no gloves)
SInv    .            (no boots)
Will    .....        (no amulet)
Stlth   ++           (no ring)
HPRegen 0.24/turn    (no ring)
MPRegen 0.10/turn

%: no passive effects
@: no status effects
A: hooves 1
a: no special abilities


You were on level 6 of the Dungeon.
You visited 1 branch of the dungeon, and saw 4 of its levels.

You collected 100 gold pieces.

Inventory:

Hand Weapons
 j - a +1 dagger of flaming (weapon)
Missiles
 d - 2 boomerangs (quivered)
Armour
 h - a +0 leather armour (worn)
Scrolls
 c - a scroll of enchant weapon {unknown}
 f - a scroll of revelation {unknown}
 g - 4 scrolls of identify {unknown}
Potions
 a - a potion of curing {unknown}
 b - a potion of magic
 i - a potion of ambrosia {unknown}


   Skills:
 + Level 0.3 Fighting
 + Level 1.9 Dodging
 + Level 2.0 Stealth
 + Level 2.8 Spellcasting
 + Level 5.0 Necromancy


You had 3 spell levels left.
You knew the following spells:

 Your Spells              Type           Power      Damage    Failure   Level
a - Necrotise             Necr           80%        1d8       3%          1
b - Vampiric Draining     Necr           20%        2d7       10%         3

Your spell library contained the following spells:

 Spells                   Type           Power      Damage    Failure   Level
 Magic Dart               Conj           8%         1d3       24%         1
 Searing Ray              Conj           4%         2d4       36%         2
 Animate Dead             Necr           20%        N/A       30%         4
 Agony                    Necr           20%        N/A       65%         5
 Fulminant Prism          Conj/Hex       1%         3d5       94%         4


Dungeon Overview and Level Annotations

Branches:
Dungeon (3/15)

Altars:


Innate Abilities, Weirdness & Mutations

You have large cloven feet.


Message History

Found a quarterstaff.
You see here a +0 quarterstaff.
You see here a +0 quarterstaff.
There is an open door here.
There is an open door here.
There is an open door here.
There is a stone staircase leading down here.
g - 4 scrolls labelled XOEWYH ISO (gained 1) Done exploring.
What level of the Dungeon? (default 2, ? - help)
There is a stone staircase leading down here.
You climb downwards.
There is a stone staircase leading up here.
A sourceless malevolence fills the Dungeon...
You fall into a shaft and drop 3 floors!
The shaft crumbles and collapses.
You hear the sound of rushing water.
There is an entrance to a sewer on this level.
Hurry and find it before the portal rusts away!
Found a blue potion.
Found 5 stones.
Found a stone staircase leading up.
A shadow imp comes into view.
Found 5 stones.
Found a stone staircase leading down.
A centaur comes into view.
A hound comes into view.
There is a stone staircase leading down here.
The centaur shouts!
The centaur wields a +0 shortbow.
The centaur shoots an arrow.
The arrow hits you!
The hound barks!
You hear a shout! x3 2 gnolls and a jackal come into view.
The gnoll shouts!
You hear a shout! x3
The centaur shoots an arrow.
The arrow hits you!
Ouch! That really hurt!
* * * LOW HITPOINT WARNING * * *
The centaur shoots an arrow.
The arrow misses you.
The jackal moves out of view.
A gnoll comes into view.
The hound barely misses you. The hound bites you.
You die...

... .......#..#
..... ....
#<###...## ....
....c#.....#.## ...
........##....# ..
.......>####......
.
.........###.###..
.(.........#..# ..
.....##.#..#.###...
........#.h@.......
...................
................g..
...................
........≈≈≈≈≈≈≈≈≈
......≈≈.....g..
....≈≈≈.....##..
..≈≈..g...## #.


You could see a centaur, a hound and 3 gnolls.

Vanquished Creatures
  3 worms (D:2)
  A dart slug (D:1)
  4 endoplasms
  3 giant cockroaches
  4 goblins
  A hobgoblin (D:1)
  3 quokkas
  4 ball pythons
  5 bats
  3 frilled lizards
  2 kobolds (D:1)
  6 rats
39 creatures vanquished.

Notes
Turn   | Place    | Note
-------+----------+-------------------------------------------
     0 | D:1      | thirtiethelement the Demonspawn Necromancer began the quest
                  | for the Orb.
     0 | D:1      | Reached XP level 1. HP: 13/13 MP: 3/3
   338 | D:1      | Gained mutation: You have large cloven feet. [demonic
                  | ancestry]
   338 | D:1      | Reached XP level 2. HP: 19/19 MP: 3/5
   408 | D:1      | Found a faded altar of an unknown god.
  1452 | D:2      | Reached XP level 3. HP: 10/24 MP: 0/6
  1921 | D:2      | Reached skill level 5 in Necromancy
  1925 | D:2      | Learned a level 3 spell: Vampiric Draining
  2151 | D:3      | You fall into a shaft and drop 3 floors!
  2158 | D:6      | Noticed a centaur
  2163 | D:6      | Slain by a hound

Illustrated notes

Levels and vault maps discovered:
D:1:      scummos_arrival_gate, layout_basic,
          hellmonk_ecumenical_altar_heavens_door, due_unseen_surprise
D:2:      layout_basic, amcnicky_mini_corridor_feature
D:3:      layout_loops_ring, chequers_temple_overflow_statue_of_worship
D:6:      kennysheep_kobold_camp, layout_cave_pools,
          mainiacjoe_overflow_concentric_impassable, nicolae_uskayaw_dance_hall,
          portal_sewer_entry_b, serial_gnoll_camp, grums_kennel,
          gnoll_camp_huts_moat, gnoll_camp_mini_hut, nicolae_half_adder

Skill      XL: |  1  2  3 |
---------------+----------+-----
Stealth        | 2 |  2.0
Necromancy     | 5 |  5.0
Fighting       | |  0.3
Dodging        | |  1.9
Spellcasting   | |  2.8

Action                     || total
---------------------------++-------
  Melee: Unarmed           ||    11
         Dagger            ||    12
         Kick              ||     3
  Throw: Boomerang         ||    20
   Cast: Necrotise         ||    65
   Stab: Sleeping          ||     4
 Armour: Robe              ||    11
  Dodge: Dodged            ||    36

Table legend: (Time is in decaauts)
 A = Elapsed time spent in this place.
 B = Non-inter-level travel time spent in this place.
 C = Inter-level travel time spent in this place.
 D = Time resting spent in this place.
 E = Time spent auto-exploring this place.
 F = Levels seen in this place.
 G = Mean time per level.
                   A        B        C        D        E       F      G
               +--------+--------+--------+--------+--------+-----+--------+
         Total |   2167 |   2103 |     64 |     42 |   1747 |   4 |  541.8 |
       Dungeon |   2167 |   2103 |     64 |     42 |   1747 |   4 |  541.8 |
               +--------+--------+--------+--------+--------+-----+--------+

Top non-repeatable levels by time:
     D:1: 1284 daAuts
     D:2: 854 daAuts
     D:3: 16 daAuts
     D:6: 11 daAuts
